 Dungeon Crawl Stone Soup version 0.18.1-5-g4a78601 (webtiles) character file.

641 Goblin1989 the Chopper (level 7, 0/52 HPs)
             Began as a Demonspawn Berserker on May 12, 2016.
             Was a Priest of Trog.
             Slain by a sky beast (6 damage)
             ... on level 5 of the Dungeon.
             The game lasted 00:08:33 (4089 turns).

Goblin1989 the Chopper (Demonspawn Berserker)       Turns: 4089, Time: 00:08:33

Health: 0/52       AC:  7    Str: 20    XL:     7   Next: 26%
Magic:  7/7        EV: 11    Int:  8    God:    Trog [***...]
Gold:   196        SH:  0    Dex: 12    Spells: 0 memorised, 6 levels left

rFire  . . .     SeeInvis .     a - +0 hand axe
rCold  . . .     Gourm    .     m - +0 ring mail
rNeg   . . .     Faith    .     (no shield)
rPois  .         Spirit   .     n - +0 helmet (curse)
rElec  .         Dismiss  .     (no cloak)
rCorr  .         Reflect  .     (no gloves)
SustAt .         Harm     .     (no boots)
MR     .....                    (no amulet)
Stlth  ++........               (no ring)
                                (no ring)

@: not resistant to hostile enchantments, unstealthy
A: icy blue scales 1, nightstalker 1, powered by death 2
a: Berserk, Trog's Hand, Burn Spellbooks, Renounce Religion


You were on level 5 of the Dungeon.
You worshipped Trog.
Trog was most pleased with you.
You were not hungry.

You visited 1 branch of the dungeon, and saw 5 of its levels.

You collected 196 gold pieces.

Inventory:

Hand Weapons
 a - a +0 hand axe (weapon)
Armour
 m - a +0 ring mail (worn)
 n - a cursed +0 helmet (worn)
Jewellery
 b - an uncursed amulet of the gourmand {unknown}
Wands
 s - a wand of acid (11/15)
Scrolls
 c - a scroll of teleportation {unknown}
 f - 2 scrolls of fear {unknown}
 g - 2 scrolls of amnesia {unknown}
 h - 2 scrolls of blinking {unknown}
 j - 4 scrolls of remove curse {unknown}
 l - a scroll of enchant weapon {unknown}
 o - a scroll of identify {unknown}
 q - a scroll of immolation {unknown}
 r - 3 scrolls of enchant armour {unknown}
Potions
 d - a potion of cancellation {unknown}
 e - 2 potions of magic
 i - a potion of curing {unknown}
 k - a potion of lignification {unknown}
Comestibles
 p - a bread ration


   Skills:
 - Level 3.0 Fighting
 * Level 7.8 Axes
 - Level 1.7 Armour
 - Level 1.7 Dodging


You had 6 spell levels left.
You didn't know any spells.

Dungeon Overview and Level Annotations

Branches:
Dungeon (5/15)
 Temple: D:4-7

Altars:

Shops:
D:4 =


Innate Abilities, Weirdness & Mutations

You are partially covered in icy blue scales (AC +1).
You are slightly more attuned to the shadows.
You regenerate health from kills.


Message History

You take 7 damage, and have 45/52 hp.
You hit something but do no damage. Something hits you but does no damage.
You hit something. Something hits you. Something shocks you.
You take 6 damage, and have 40/52 hp.
You barely miss something. Something hits you but does no damage.
You hit something but do no damage. Something hits you but does no damage.
You barely miss something. Something hits you. Something shocks you.
You take 10 damage, and have 30/52 hp.
You miss something. Something hits you. Something shocks you.
You take 8 damage, and have 22/52 hp.
You hit something. You barely miss something.
Something hits you but does no damage.
You closely miss something. Something hits you but does no damage.
You hit something. Something hits you. Something shocks you.
You take 7 damage, and have 16/52 hp.
You closely miss something. Something hits you but does no damage.
You miss something. Something hits you. Something shocks you.
You take 8 damage, and have 8/52 hp.
You closely miss something. Something hits you. Something shocks you.
You die...

....... ........ #.
.......# #. ........
#. ......#. #.
....... #> ###..#.
#####{#### ###....
#.....@..###.#
#....##
#...........<# #...##
#......%.########...#
#........#####......#
#...................#
######..#.#.#.#.....#
#...........####
#..#.#.#.#..#
#...........#


There were no monsters in sight!

Vanquished Creatures
  Menkaure (D:4)
  The ghost of mopl the Sneak, an amateur HEEn (D:3)
  A sky beast (D:4)
  A water moccasin zombie (D:3)
  A jelly (D:5)
  Jessica (D:2)
  A giant frog skeleton (D:4)
  A howler monkey skeleton (D:5)
  9 adders
  An ooze (D:3)
  4 worms
  A dart slug (D:2)
  A giant gecko (D:1)
  2 orcs
  8 giant cockroaches
  6 goblins
  9 hobgoblins
  6 jackals (D:1)
  10 kobolds
  2 quokkas
  11 bats
  A giant gecko skeleton (D:4)
  3 giant newts
  5 rats
87 creatures vanquished.

Notes
Turn   | Place    | Note
--------------------------------------------------------------
     0 | D:1      | Goblin1989 the Demonspawn Berserker began the quest for the Orb.
     0 | D:1      | Reached XP level 1. HP: 18/18 MP: 1/1
    63 | D:1      | Reached skill level 3 in Axes
   144 | D:1      | Gained mutation: You are slightly more attuned to the shadows. [demonic ancestry]
   144 | D:1      | Reached XP level 2. HP: 3/24 MP: 2/2
  1211 | D:1      | Gained mutation: You regenerate a little health from kills. [demonic ancestry]
  1211 | D:1      | Reached XP level 3. HP: 26/29 MP: 3/3
  1296 | D:1      | Reached ** piety under Trog
  1379 | D:2      | Reached skill level 4 in Axes
  1496 | D:2      | Reached XP level 4. HP: 30/35 MP: 4/4
  1787 | D:2      | Noticed Jessica
  1798 | D:2      | Killed Jessica
  1798 | D:2      | Reached skill level 5 in Axes
  1984 | D:2      | Gained mutation: You are partially covered in icy blue scales (AC +1). [demonic ancestry]
  1984 | D:2      | Reached XP level 5. HP: 38/41 MP: 5/5
  2341 | D:3      | Noticed mopl's ghost (amateur HEEn)
  2509 | D:3      | Killed mopl's ghost
  2509 | D:3      | Reached skill level 6 in Axes
  2587 | D:3      | Gained mutation: You regenerate health from kills. [demonic ancestry]
  2587 | D:3      | Reached XP level 6. HP: 24/47 MP: 6/6
  2617 | D:3      | ololoev: ааа я не могу я ппц как люблю иглы френзи!
  2633 | D:3      | Reached *** piety under Trog
  2682 | D:3      | Goblin1989: а я так и не понял зчем они нужны
  2682 | D:3      | Goblin1989: объяснм
  3330 | D:4      | ololoev: монстр под френзи становится нейтральным берсерком
  3369 | D:4      | Found Goilus's Jewellery Shop.
  3376 | D:4      | ololoev: то есть идешь ты такой по данжу
  3411 | D:4      | ololoev: выходишь из-за угла, а там оркопристы всякие, оркнайты
  3491 | D:4      | Noticed a sky beast
  3492 | D:4      | ololoev: одеваешь блоуган
  3506 | D:4      | Killed a sky beast
  3506 | D:4      | Reached skill level 7 in Axes
  3716 | D:4      | Noticed Menkaure
  3735 | D:4      | Killed Menkaure
  3735 | D:4      | ololoev: высматриваешь орка с самым большим топором
  3735 | D:4      | ololoev: и плюешь в него френзей
  3735 | D:4      | ololoev: он обезумевает и всех разносит нахер
  3735 | D:4      | ololoev: главное успеть убежать, так как т следующий
  3735 | D:4      | Goblin1989: весело
  3735 | D:4      | Goblin1989: можно выпить перед этим хасты
  3735 | D:4      | Goblin1989: и вообще изи будет
  3735 | D:4      | Reached XP level 7. HP: 9/52 MP: 7/7
  3933 | D:5      | Entered Level 5 of the Dungeon
  4085 | D:5      | ololoev: да, но аждый раз тратить хасту не очень
  4089 | D:5      | Slain by a sky beast

Skill      XL: |  1  2  3  4  5  6 |
---------------+-------------------+-----
Axes           | 3 4 5 6 7 |  7.8
Fighting       | |  3.0
Armour         | |  1.7
Dodging        | |  1.7

Action                   |  1- 3 |  4- 6 |  7- 9 || total
-------------------------+-------+-------+-------++-------
Melee: Hand axe          |   144 |   244 |    34 ||   422
Invok: Berserk           |     1 |     3 |       ||     4
       Trog's Hand       |     1 |     2 |       ||     3
  Use: Potion            |       |     1 |       ||     1
 Stab: Sleeping          |     4 |     7 |     1 ||    12
  Eat: Chunk             |     2 |       |       ||     2
       Bread ration      |       |     1 |       ||     1
       Meat ration       |       |     2 |       ||     2
Armor: Animal skin       |    34 |     5 |       ||    39
       Ring mail         |       |    60 |    17 ||    77
Dodge: Dodged            |   115 |   131 |    16 ||   262
